 Dungeon Crawl Stone Soup version 0.32-a0-699-g1ee5eff69a (webtiles) character file.

Game seed: 2628007627955590827

137 jestert79 the Grave Robber (level 5, -4/38 HPs)
             Began as a Mountain Dwarf Necromancer on Mar 13, 2024.
             Slain by Grinder (8 damage)
             ... on level 3 of the Dungeon.
             The game lasted 00:08:41 (2992 turns).

jestert79 the Grave Robber (MDNe)                   Turns: 2992, Time: 00:08:42

Health: -4/38      AC:  5    Str: 13    XL:     5   Next: 0%
Magic:  7/7        EV:  9    Int: 15    God:
Gold:   171        SH:  0    Dex: 10    Spells: 3/7 levels left

rFire   . . .        v - +3 mace
rCold   . . .        (no shield)
rNeg    . . .        i - +0 ring mail
rPois   .            (no helmet)
rElec   .            (no cloak)
rCorr   .            (no gloves)
SInv    .            (no boots)
Will    .....        (no amulet)
Stlth   +            (no ring)
HPRegen 0.26/turn    (no ring)
MPRegen 0.10/turn

%: no passive effects
@: no status effects
A: runic magic, artefact enchanting
a: no special abilities


You were on level 3 of the Dungeon.
You visited 1 branch of the dungeon, and saw 3 of its levels.

You collected 171 gold pieces.

Inventory:

Hand Weapons
 g - a +0 flail
 s - a +0 morningstar
 v - a +3 mace (weapon)
Missiles
 e - 6 curare-tipped darts
Armour
 i - a +0 ring mail (worn)
Jewellery
 f - a ring of poison resistance
 q - a +6 ring of intelligence
Scrolls
 h - 4 scrolls of teleportation
 t - a scroll of fear
Potions
 a - 3 potions of heal wounds
 b - 2 potions of magic
 d - a potion of lignification {unknown}
 l - 2 potions of curing {unknown}
 o - a potion of ambrosia
 u - a potion of cancellation


   Skills:
 + Level 1.4 Maces & Flails
 - Level 1.3 Dodging
 - Level 1.4 Stealth
 - Level 1.7 Spellcasting
 + Level 6.7 Necromancy


You had 3 spell levels left.
You knew the following spells:

 Your Spells              Type           Power      Damage    Failure   Level
a - Necrotise             Necr           84%        1d8       1%          1
b - Vampiric Draining     Necr           21%        2d7       4%          3

Your spell library contained the following spells:

 Spells                   Type           Power      Damage    Failure   Level
 Animate Dead             Necr           21%        N/A       17%         4
 Curse of Agony           Necr           21%        N/A       43%         5


Dungeon Overview and Level Annotations

Branches:
Dungeon (3/15)

Altars:
Ru
Vehumet
Yredelemnul

Shops:
D:1 *

Annotations:
D:3 1 runed translucent door, Grinder


Innate Abilities, Weirdness & Mutations

Your spellcasting is much less encumbered by armour.
You can use scrolls of enchantment on lesser artefacts.


Message History

h - 4 scrolls of teleportation (gained 1) Grinder shouts!
Grinder is nearby!
Grinder is nearby!
Grinder is nearby!
Okay, then.
Unknown command.
Unknown command.
You aren't carrying any items that you can evoke.
Unknown command.
Grinder gestures at you. You resist with significant effort.
Grinder gestures at you.
You suddenly lose the ability to move!
Grinder hits you.
You writhe in agony.
Grinder hits you.
You writhe in agony.
You can move again.
You completely miss Grinder. Grinder gestures at you.
You resist with significant effort. Grinder hits you!
You writhe in agony.
Unknown command.
You hit Grinder.
Grinder is lightly wounded.
Grinder hits you!
* * * LOW HITPOINT WARNING * * *
You writhe in agony.
* * * LOW HITPOINT WARNING * * *
You closely miss Grinder.
Grinder is lightly wounded.
Grinder gestures at you.
You shrug off the repeated paralysis!
Unknown command.
You hit Grinder.
Grinder is lightly wounded.
Grinder hits you but does no damage. Grinder closely misses you.
You sock Grinder!
Grinder is heavily wounded.
Grinder hits you!
You die...
Grinder says, "Hey, I wasn't done torturing you yet!"

########## #.# *
#........# #.#
#.######.######.#######
#.# #..(...%.......##
#.# #.###.##.####...##
# #.# #.#
#.....##....)### #.#
#.###>##........)...
#.#
#.....##.###.....#.#
#.# ###@####.#
##...##.# #.# #5####.#
##.###.# #.#
#......#####.##... #.#
**#............#....
#.#
#...####[#..........
#.# #.### #.#(#####..(.
#.# #,* #............
#.# *,* #.#.#####.#..
#.# *,* #.[..........


You could see Grinder.

Vanquished Creatures
  A gnoll (D:1)
  6 adders
  2 dart slugs
  6 orcs (D:3)
  2 ball pythons
  6 bats
  5 endoplasms
  2 giant cockroaches
  7 hobgoblins
  2 quokkas
  3 frilled lizards
  6 goblins
  A jackal skeleton (D:3)
  6 kobolds
  4 rats
59 creatures vanquished.

Vanquished Creatures (collateral kills)
  An endoplasm (D:1)
  A hobgoblin (D:1)
  A ball python (D:2)
3 creatures vanquished.

Grand Total: 62 creatures vanquished

Notes
Turn   | Place    | Note
-------+----------+-------------------------------------------
     0 | D:1      | jestert79 the Mountain Dwarf Necromancer began the quest
                  | for the Orb.
     0 | D:1      | Reached XP level 1. HP: 14/14 MP: 3/3
   189 | D:1      | Found Lolobaach's General Store.
   398 | D:1      | Reached XP level 2. HP: 20/20 MP: 2/4
   479 | D:1      | Reached skill level 5 in Necromancy
   939 | D:1      | Reached XP level 3. HP: 24/26 MP: 3/5
   943 | D:1      | Learned a level 3 spell: Vampiric Draining
  1275 | D:2      | Reached skill level 6 in Necromancy
  1408 | D:2      | Reached XP level 4. HP: 27/33 MP: 1/6
  2442 | D:3      | Reached skill level 1 in Maces & Flails
  2733 | D:3      | Found a radiant altar of Vehumet.
  2740 | D:3      | Found a sacrificial altar of Ru.
  2756 | D:3      | Noticed Grinder
  2789 | D:3      | Reached XP level 5. HP: 38/38 MP: 7/7
  2836 | D:3      | Found a runed translucent door.
  2836 | D:3      | Noticed a human
  2849 | D:3      | Found a basalt altar of Yredelemnul.
  2985 | D:3      | Paralysed by Grinder for 3 turns
  2992 | D:3      | Slain by Grinder

Illustrated notes

Levels and vault maps discovered:
D:1:      roderic_chinese_lattice_arrival, layout_basic, serial_shops, shop,
          nicolae_houndstooth_variations
D:2:      layout_loops_ring, amcnicky_mini_rare_corridor_liquid,
          minmay_pentomino_w4
D:3:      layout_loops_ring, amethyst_overflow_temple_binary,
          dk_yredelemnul_ordeal, kennysheep_generic_room_4, uniq_grinder

Skill      XL: |  1  2  3  4 |
---------------+-------------+-----
Necromancy     | 5 6 |  6.7
Maces & Flails | 1 |  1.4
Dodging        | |  1.3
Stealth        | |  1.4
Spellcasting   | |  1.7

Action                     |  1- 3 |  4- 6 || total
---------------------------+-------+-------++-------
  Melee: Flail             |    54 |    30 ||    84
         Mace              |       |     8 ||     8
   Cast: Necrotise         |    48 |    44 ||    92
         Vampiric Draining |       |     1 ||     1
    Use: Scroll            |       |    11 ||    11
 Armour: Ring mail         |    52 |    41 ||    93
  Dodge: Dodged            |    50 |    25 ||    75

Table legend: (Time is in decaauts)
 A = Elapsed time spent in this place.
 B = Non-inter-level travel time spent in this place.
 C = Inter-level travel time spent in this place.
 D = Time resting spent in this place.
 E = Time spent auto-exploring this place.
 F = Levels seen in this place.
 G = Mean time per level.
                   A        B        C        D        E       F      G
               +--------+--------+--------+--------+--------+-----+--------+
         Total |   3026 |   2989 |     37 |    348 |   2161 |   3 | 1008.7 |
       Dungeon |   3026 |   2989 |     37 |    348 |   2161 |   3 | 1008.7 |
               +--------+--------+--------+--------+--------+-----+--------+

Top non-repeatable levels by time:
     D:1: 1127 daAuts
     D:3: 953 daAuts
     D:2: 945 daAuts
